AoeStats
← Ed

Oasis

507883928Analyzed
4v4 RM · 13d ago on Sep 20, 2026· 40m 26s· 8 players
Game mode
Random Map
Map size
Large (8 player)
Population
200
Speed
Normal
Resources
Standard
Victory
Conquest
Starting age
Dark Age
Ending age
Imperial Age
RankedLock teamsTeams togetherTeam positionsShared explorationLock speedFull tech treeHidden civsTurbo modeCheats
Victory
Defeat
🇺🇸 Franks · United States
1655
+8
🇬🇹 Maya · Guatemala
1579
+11
🇻🇳 Mongols · Vietnam
1573
+11
🇹🇷 Persians · Türkiye
1496
+15
🇦🇷 Franks · Argentina
1490
-12
🇨🇴 Saracens · Colombia
1481
-12
🇩🇴 Magyars · Dominican Republic
1457
-11
🇵🇪 Maya · Peru
1424
-10
KSGabriel
6:44 Loom
9:25 Feudal Age
10:02 Double-Bit Axe
13:40 Wheelbarrow
13:55 Forging
20:31 Castle Age
18:25 Gold Mining
20:27 Stone Mining
21:51 Bow Saw
31:22 Imperial Age
29:10 Scale Barding Armor
29:47 Gold Shaft Mining
30:25 Iron Casting
30:53 Chain Barding Armor
31:56 Cavalier
33:26 Conscription
33:50 Plate Barding Armor
34:51 Hand Cart
37:09 Husbandry
38:18 Blast Furnace
38:05 Paladin
39:39 Fletching
This is Kawaii
5:53 Loom
8:01 Feudal Age
9:35 Double-Bit Axe
13:22 Horse Collar
16:35 Wheelbarrow
20:43 Castle Age
18:58 Stone Mining
19:03 Gold Mining
19:12 Fletching
20:35 Bloodlines
21:42 Bow Saw
25:37 Heavy Plow
28:36 Bodkin Arrow
29:15 Hand Cart
33:05 Imperial Age
31:06 Husbandry
32:06 Gold Shaft Mining
32:08 Padded Archer Armor
33:40 Stone Shaft Mining
33:41 Light Cavalry
34:23 Bracer
35:12 Ballistics
35:53 Chemistry
35:20 Conscription
36:15 Leather Archer Armor
35:41 Elite Mangudai
37:32 Chemistry
37:02 Scale Barding Armor
36:50 Hussar
38:45 Thumb Ring
39:06 Parthian Tactics
39:02 Chain Barding Armor
38:53 Forging
39:49 Coinage
39:46 Nomads
40:08 Drill
39:56 Siege Engineers
40:01 Masonry
40:07 Capped Ram
swipp
5:05 Loom
8:47 Feudal Age
9:44 Horse Collar
17:11 Wheelbarrow
20:11 Castle Age
18:05 Double-Bit Axe
19:38 Bloodlines
19:23 Gold Mining
20:12 Scale Barding Armor
20:54 Bow Saw
24:54 Husbandry
25:23 Forging
28:45 Chain Barding Armor
29:36 Hand Cart
31:18 Iron Casting
32:26 Gold Shaft Mining
31:52 Heavy Plow
37:05 Imperial Age
36:43 Cavalier
38:02 Plate Barding Armor
37:09 Light Cavalry
39:40 Blast Furnace
Ed
0:26 Loom
11:38 Feudal Age
12:23 Double-Bit Axe
15:24 Fletching
21:39 Castle Age
19:50 Town Watch
22:16 Bodkin Arrow
21:42 Crossbowman
23:53 Horse Collar
24:36 Padded Archer Armor
25:13 Treadmill Crane
27:35 Ballistics
27:51 Leather Archer Armor
28:22 Bow Saw
29:08 Wheelbarrow
28:41 Gold Mining
37:28 Heavy Plow
37:20 Stone Mining
37:57 Hand Cart
40:21 Thumb Ring
[PVS] JUANJOM98
2:36 Loom
10:18 Feudal Age
14:15 Fletching
17:52 Padded Archer Armor
23:51 Castle Age
22:13 Gold Mining
22:51 Horse Collar
24:24 Crossbowman
25:42 Bodkin Arrow
29:02 Ballistics
29:26 Leather Archer Armor
30:25 Double-Bit Axe
33:13 Bow Saw
37:01 Thumb Ring
37:30 Thumb Ring
42:29 Imperial Age
[PVS] Dante18
7:13 Loom
9:35 Feudal Age
10:11 Double-Bit Axe
19:12 Horse Collar
19:51 Bloodlines
23:48 Wheelbarrow
25:41 Castle Age
28:12 Light Cavalry
28:57 Husbandry
29:26 Bow Saw
29:18 Heavy Plow
33:24 Hand Cart
32:54 Town Watch
34:26 Gold Mining
34:26 Stone Mining
40:32 Imperial Age
40:52 Imperial Age
38:43 Scale Barding Armor
38:37 Fletching
40:40 Gold Shaft Mining
Leoo
8:38 Loom
10:36 Feudal Age
14:31 Castle Age
13:39 Double-Bit Axe
15:51 Bow Saw
22:50 Scale Barding Armor
25:06 Forging
26:29 Chain Barding Armor
26:23 Husbandry
28:54 Wheelbarrow
29:52 Iron Casting
33:33 Hand Cart
34:22 Gold Mining
37:19 Imperial Age
37:22 Cavalier
38:38 Plate Barding Armor
Valquian
0:29 Loom
10:01 Feudal Age
12:12 Town Watch
13:25 Double-Bit Axe
26:43 Castle Age
25:51 Gold Mining
25:44 Horse Collar
26:57 Fletching
28:09 Crossbowman
29:53 Bodkin Arrow
31:26 Stone Mining
32:00 Bow Saw
36:04 Fortified Wall
36:04 Masonry
38:16 Wheelbarrow
Connection lost

Rejoining the realm…

Still unreachable

The connection could not be restored.

Session expired

The server has moved on; the page needs a fresh start.